[Event "Late-Titled-Tuesday-Blitz-April-23-2024"]
[Site "Chess.com"]
[Date "2024.04.23"]
[Round "2"]
[White "CarlosjPineror"]
[Black "ccccvhhhj"]
[Result "1-0"]
[WhiteElo "2769"]
[BlackElo "2471"]
[TimeControl "180+1"]
[EndTime "14:18:19 PDT"]
[Termination "CarlosjPineror won by checkmate"]

1. e4 e6 2. d3 d5 3. Nd2 Nf6 4. Ngf3 g6 5. g3 Bg7 6. Bg2 O-O 7. O-O c5 8. Re1 Nc6 9. c3 a5 10. a4 b6 11. exd5 exd5 12. Nf1 Ba6 13. h3 Rc8 14. g4 Re8 15. Bf4 d4 16. c4 Nb4 17. Qd2 Bb7 18. b3 Rxe1 19. Rxe1 Qf8 20. Ng3 Re8 21. Ne5 Bxg2 22. Kxg2 Qd6 23. Kh2 Qd8 24.
Re2 Nd7 25. Nxd7 Qxd7 26. Ne4 Kh8 27. Kg2 Qc6 28. f3 Qe6 29. h4 Qd7 30. Ng3 Re6 31.
h5 Qe7 32. h6 Bf6 33. Rxe6 Qxe6 34. Ne4 Be5 35. Bxe5+ Qxe5 36. g5 Kg8 37. f4 Qf5 38. Qe2 Kh8 39. Nxc5 Qc8 40. Qe5+ Kg8 41. Qg7# 1-0

[Event "Late-Titled-Tuesday-Blitz-April-23-2024"]
[Site "Chess.com"]
[Date "2024.04.23"]
[Round "2"]
[White "albi1999"]
[Black "jcibarra"]
[Result "1-0"]
[WhiteElo "2657"]
[BlackElo "2991"]
[TimeControl "180+1"]
[EndTime "14:18:20 PDT"]
[Termination "albi1999 won by checkmate"]

1. d4 Nf6 2. c4 d6 3. Nf3 g6 4. Nc3 Bf5 5. Nh4 Bd7 6. g3 e5 7.
dxe5 dxe5 8. Bg2 Nc6 9. O-O Bg7 10. Nd5 h6 11. Be3 Ng4 12. Bc5 Be6 13. Nf3 Bf8 14. Bxf8 Kxf8 15. Nd2 h5 16. Ne4 Kg7 17. h3 Nh6 18.
Nc5 Bc8 19. e3 Nf5 20. Qb3 Rb8 21. Rad1 Qf8 22. Ne4 Nd6 23. Nef6 Be6 24. Qc3 Qc8 25. h4 Ne8 26. Ne4 Nd6 27. Ng5 f6 28. Nxe6+ Qxe6 29. Nxc7 Qe7 30. Nd5 Qf7 31. b4 Rhd8 32. Rd2 e4 33. Rfd1 Ne5 34. c5 Nb5 35. Qa1 Nf3+ 36. Bxf3 exf3 37. a4 Nc7 38. Nxf6 Rxd2 39. Rxd2 Kh6 40.
Rd7 Qe6 41. Rh7# 1-0

[Event "Late-Titled-Tuesday-Blitz-April-23-2024"]
[Site "Chess.com"]
[Date "2024.04.23"]
[Round "2"]
[White "Ajedrez_con_German"]
[Black "Njal28"]
[Result "0-1"]
[WhiteElo "2649"]
[BlackElo "3030"]
[TimeControl "180+1"]
[EndTime "14:18:21 PDT"]
[Termination "Njal28 won by resignation"]

1. a3 Nf6 2. c4 g6 3. Nf3 Bg7 4. Nc3 O-O 5. d4 d5 6. cxd5 Nxd5 7. Bd2 c5 8. e4 Nxc3 9. Bxc3 cxd4 10. Bxd4 Nc6 11.
Bxg7 Kxg7 12. Qxd8 Rxd8 13. Be2 Bg4 14. O-O Rac8 15.
Rfd1 Bxf3 16. Bxf3 Ne5 17. Rxd8 Rxd8 18. Rb1 Rd2 19. Kf1 Nc4 20. Ke1 Rxb2 21. Rxb2 Nxb2 22. Be2 Na4 23. Kd2 Nc5 24. f3 Kf6 25. Kc3 Ke6 26. Kc4 Kd6 27. Kb5 b6 28. Bc4 e6 29. Kb4 g5 30.
Bb5 h6 31. Kc4 f6 32. Be8 e5 33. g3 Ne6 34. Bh5 Nd4 35. f4 gxf4 36. gxf4 Ne6 37. f5 Nc5 38. Bf3 Kc6 39. Kb4 a5+ 40. Kc4 b5+ 41.
Kc3 Na6 42. Be2 Kc5 43. a4 b4+ 44. Kc2 Nb8 45. Kb3 Nc6 46. Kc2 Nd4+ 47. Kd3 Nxe2 0-1

[Event "Late-Titled-Tuesday-Blitz-April-23-2024"]
[Site "Chess.com"]
[Date "2024.04.23"]
[Round "2"]
[White "FlemingA"]
[Black "ChessSwole"]
[Result "1-0"]
[WhiteElo "2431"]
[BlackElo "2705"]
[TimeControl "180+1"]
[EndTime "14:18:21 PDT"]
[Termination "FlemingA won by resignation"]

1. e4 d5 2. exd5 Qxd5 3. Nc3 Qd6 4. d4 Nf6 5. Nb5 Qb6 6. Nf3 a6 7. Na3 Bg4 8. c3 Qe6+ 9. Be3 Nd5 10. Nc2 Nc6 11. h3 Bf5 12. Bd3 Bxd3 13. Qxd3 Qg6 14.
Qe2 O-O-O 15. O-O e6 16. Rfd1 Bd6 17. c4 Nxe3 18. Nxe3 Rhe8 19. a3 e5 20. d5 Nd4 21.
Nxd4 exd4 22. Rxd4 Bc5 23. Rd3 Qe4 24. b4 Bf8 25.
Qd2 f5 26. Rd4 Qe5 27. c5 g6 28. Rd1 Bh6 29. Nc4 Bxd2 30. Nxe5 Bc3 31. Nf7 Bxd4 32. Nxd8 Bb2 33. Ne6 Bxa3 34. Rb1 c6 35. Nd4 cxd5 36. Nc2 Bxb4 37. Nxb4 d4 38. Rd1 Rd8 39. Kf1 Kc7 40. Ke2 a5 41. Nc2 Kc6 42. Nxd4+ Kd5 43. Nc2+ 1-0

[Event "Late-Titled-Tuesday-Blitz-April-23-2024"]
[Site "Chess.com"]
[Date "2024.04.23"]
[Round "2"]
[White "ChadBiryani"]
[Black "DonJuanEGenaro"]
[Result "1-0"]
[WhiteElo "2447"]
[BlackElo "2027"]
[TimeControl "180+1"]
[EndTime "14:18:21 PDT"]
[Termination "ChadBiryani won on time"]

1. c4 e6 2. g3 c5 3. Bg2 Nc6 4. Nf3 d5 5. cxd5 exd5 6. d4 Nf6 7. O-O Be7 8. dxc5 Bxc5 9. b3 d4 10. Bb2 O-O 11. Nbd2 h6 12. Rc1 Bb6 13. Nc4 Qd7 14. Nxb6 axb6 15. a3 Rd8 16. Qd3 Qf5 17. Rfd1 Qxd3 18.
Rxd3 Bf5 19. Rdd1 d3 20. exd3 Rxd3 21. Rxd3 Bxd3 22. Nd2 Rd8 23. Bxc6 bxc6 24. Rxc6 Ne4 25. Nf3 Be2 26. Nd4 Bg4 27. f3 Bd7 28. Rxb6 Nd2 29.
Kf2 Be6 30. Nxe6 fxe6 31. Rxe6 Nxb3 32. Re2 Rd7 33. f4 Kf7 34. Be5 Nc5 35. Rc2 Nd3+ 36.
Ke3 Nxe5 37. fxe5 Ke6 38. Ke4 Ra7 39. Rc6+ Ke7 40. Rc3 Ke6 41. Rc6+ Ke7 42. Kf5 Rxa3 43. Rc7+ Kf8 44. Rc8+ Ke7 45. Kg6 Ra7 46. Kxg7 Ke6+ 47. Kxh6 Kxe5 48. Rf8 1-0

[Event "Late-Titled-Tuesday-Blitz-April-23-2024"]
[Site "Chess.com"]
[Date "2024.04.23"]
[Round "2"]
[White "ural58"]
[Black "AlexeiShirov"]
[Result "0-1"]
[WhiteElo "2562"]
[BlackElo "2803"]
[TimeControl "180+1"]
[EndTime "14:18:22 PDT"]
[Termination "AlexeiShirov won on time"]

1. e4 e5 2. Nf3 f5 3. d4 fxe4 4. Nxe5 Nf6 5. Nc3 d6 6. Nc4 d5 7. Ne5 Be7 8. f3 exf3 9. Qxf3 O-O 10. Bd3 Ne4 11. Bxe4 Rxf3 12. Bxd5+ Kf8 13. Bxf3 Qxd4 14. Nd3 Nc6 15. Bd2 Bf5 16. O-O-O Bxd3 17. cxd3 Nb4 18. Be4 Nxd3+ 19. Kb1 Nf2 20. Rhf1 Bf6 21. Rxf2 Qxf2 22.
Bxb7 Rd8 23. Kc2 Kg8 24. Bf3 Qc5 25. Re1 h6 26. h3 Bg5 27. Bxg5 Qxg5 28. Re2 Qc5 29.
a3 a5 30. Kc1 Qd4 31. Kc2 Qd3+ 32. Kc1 c5 33. Be4 Qd4 34. Kc2 g5 35. b3 Rf8 36.
Bd5+ Kh8 37. Bf3 Rd8 38. a4 c4 39. bxc4 Qd3+ 40. Kb2 Qxc4 41. Re4 Rd2+ 0-1

[Event "Late-Titled-Tuesday-Blitz-April-23-2024"]
[Site "Chess.com"]
[Date "2024.04.23"]
[Round "2"]
[White "lluiss"]
[Black "twitchTriniCupid"]
[Result "0-1"]
[WhiteElo "2135"]
[BlackElo "2458"]
[TimeControl "180+1"]
[EndTime "14:18:22 PDT"]
[Termination "twitchTriniCupid won on time"]

1. Nf3 d5 2. d4 Nf6 3. c4 c6 4. cxd5 cxd5 5. Nc3 Nc6 6. Bf4 Bf5 7. e3 e6 8. Bd3 Bg6 9. O-O Be7 10. Ne1 O-O 11. Bxg6 hxg6 12. Nd3 Rc8 13. Bg5 Nb4 14. a3 Nxd3 15. Qxd3 a6 16. Bxf6 gxf6 17. Rfc1 b5 18. Ne2 Qd6 19. Rc2 Rc4 20. b3 Rxc2 21. Qxc2 Qb6 22.
Nf4 Kg7 23. Nd3 Bd6 24. b4 Rh8 25. g3 f5 26. Rc1 g5 27. Qc6 Qb8 28. Qxa6 f4 29. exf4 gxf4 30. Ne5 Bxe5 31. dxe5 Qxe5 32. Qxb5 Qh5 33. h4 fxg3 34. fxg3 Qf3 35. Kh2 Qf2+ 36. Kh3 Qf5+ 37. Kh2 Qe5 0-1

[Event "Late-Titled-Tuesday-Blitz-April-23-2024"]
[Site "Chess.com"]
[Date "2024.04.23"]
[Round "2"]
[White "Zura_19"]
[Black "jstopa4"]
[Result "1-0"]
[WhiteElo "2584"]
[BlackElo "2802"]
[TimeControl "180+1"]
[EndTime "14:18:24 PDT"]
[Termination "Zura_19 won by checkmate"]

1. e4 c5 2. Nf3 d6 3. d4 cxd4 4. Nxd4 Nf6 5. Nc3 g6 6. Be3 Bg7 7. f3 O-O 8. Qd2 Nc6 9. Bc4 Bd7 10. O-O-O Rc8 11. Bb3 Ne5 12. h4 h5 13. Bg5 Rc5 14. Kb1 b5 15. Bh6 a5 16. Bxg7 Kxg7 17. a3 b4 18. axb4 axb4 19. Na2 Qc7 20. g4 hxg4 21.
h5 Nxh5 22. fxg4 Bxg4 23. Rdg1 Rh8 24. Nxb4 e6 25. Na6 Qd8 26. Qf2 Ra5 27. Nb4 Qf6 28. Qe3 Rha8 29. Na2 Qf4 30. Qe1 Nf3 31. Nxf3 Bxf3 32.
Rh4 Qf6 33. Rf1 Rg5 34. Rh3 Rga5 35. Rhxf3 Qe5 36. Rxf7+ Kg8 37. Qd2 Ng7 38. Qh6 R5a7 39. Qxg6 Rxf7 40. Qxf7+ Kh7 41. Rh1+ Qh5 42. Rxh5# 1-0

[Event "Late-Titled-Tuesday-Blitz-April-23-2024"]
[Site "Chess.com"]
[Date "2024.04.23"]
[Round "2"]
[White "ChessBrainiacOnTwitch"]
[Black "SCIM"]
[Result "1-0"]
[WhiteElo "2807"]
[BlackElo "2563"]
[TimeControl "180+1"]
[EndTime "14:18:24 PDT"]
[Termination "ChessBrainiacOnTwitch won by resignation"]

1. e4 e6 2. d4 d5 3. Nc3 Bb4 4. e5 c5 5. a3 Bxc3+ 6. bxc3 Ne7 7. Qg4 Qc7 8. Qxg7 Rg8 9. Qxh7 cxd4 10. Ne2 Nbc6 11.
f4 Bd7 12. Qd3 dxc3 13. Nxc3 a6 14. Rg1 O-O-O 15. g4 Nf5 16. Bd2 Kb8 17. h3 Ncd4 18. O-O-O Nb5 19. a4 Nxc3 20. Qxc3 Qb6 21. Bd3 Ne3 22.
a5 Nxd1 23. axb6 Nxc3 24. Bxc3 Rh8 25. Rg3 Rh4 26. Bb4 Rdh8 27. Bf1 Bb5 28. Bg2 Bc6 29. Bd6+ Kc8 30. f5 Kd7 31. fxe6+ Kxe6 32. Rf3 R8h6 33. Rf4 Rg6 34. Bf1 f6 35. Rf5 fxe5 36. Bxe5 Rh7 37. Bg3 Rf7 38. Re5+ Kd7 39. Bd3 Rgf6 40. Bf5+ Kd8 41.
Bh4 d4 42. Re6 1-0

[Event "Late-Titled-Tuesday-Blitz-April-23-2024"]
[Site "Chess.com"]
[Date "2024.04.23"]
[Round "2"]
[White "Mischuk_D"]
[Black "Bilan_Danila"]
[Result "0-1"]
[WhiteElo "2764"]
[BlackElo "2563"]
[TimeControl "180+1"]
[EndTime "14:18:24 PDT"]
[Termination "Bilan_Danila won on time"]

1. d4 d5 2. c4 c6 3. Nf3 Nf6 4. g3 Bf5 5. Bg2 e6 6. Nh4 Be4 7. f3 Bg6 8. Nxg6 hxg6 9. Nc3 Nbd7 10. e4 dxe4 11. fxe4 e5 12. d5 Bc5 13. Qe2 O-O 14. Bd2 Bd4 15. O-O-O Nc5 16. Kb1 a5 17. Bf3 a4 18. a3 Qb6 19. h4 Qb3 20. Rc1 Rfb8 21.
h5 b5 22. cxb5 cxb5 23. Qf1 b4 24. Bd1 Ncxe4 25. Be1 Nxc3+ 26. Bxc3 Qxd5 27. Bxb4 Rxb4 28. axb4 a3 29. Qc4 axb2 30. Qxd5 Ra1+ 31. Kc2 bxc1=Q+ 32. Kd3 Qc3+ 33. Ke2 Qe3+ 0-1

[Event "Late-Titled-Tuesday-Blitz-April-23-2024"]
[Site "Chess.com"]
[Date "2024.04.23"]
[Round "2"]
[White "Vladimir_2020"]
[Black "prochn"]
[Result "1-0"]
[WhiteElo "2765"]
[BlackElo "2455"]
[TimeControl "180+1"]
[EndTime "14:18:25 PDT"]
[Termination "Vladimir_2020 won by resignation"]

1. e4 c6 2. d4 d5 3. e5 Bf5 4. Nf3 e6 5. Be2 c5 6. O-O Nc6 7. c3 h6 8. Be3 Qb6 9. Qb3 Qxb3 10. axb3 cxd4 11. Nxd4 Nge7 12. Nd2 Nxd4 13. Bxd4 Nc6 14. Bb5 a6 15. Bxc6+ bxc6 16. b4 Be7 17. Nb3 Bd3 18. Rfe1 Bc4 19. Na5 Kd7 20. Bc5 Bxc5 21. bxc5 Rhb8 22.
b4 Kc7 23. h4 h5 24. Nxc4 dxc4 25. Re4 Rd8 26. Rxc4 Kb7 27. Rf4 Rd7 28. Re1 Rf8 29.
Ree4 Rd3 30. Rd4 Rxd4 31. Rxd4 Kc7 32. f3 Ra8 33. Rf4 Rf8 34. g4 hxg4 35. fxg4 Kd7 36.
Rf2 Ke7 37. Ra2 Ra8 38. Kf2 f6 39. Ke3 fxe5 40. Ke4 Kf6 41. g5+ Kg6 42. Kxe5 Kh5 43. Kxe6 Kxh4 44. Kd7 Kxg5 45. Kxc6 Kf4 46. Kb7 Re8 47.
c6 Re3 48. c7 Rxc3 49. c8=Q Rxc8 50. Kxc8 1-0

[Event "Late-Titled-Tuesday-Blitz-April-23-2024"]
[Site "Chess.com"]
[Date "2024.04.23"]
[Round "2"]
[White "Tonychess32"]
[Black "HanSchut"]
[Result "0-1"]
[WhiteElo "2515"]
[BlackElo "2337"]
[TimeControl "180+1"]
[EndTime "14:18:25 PDT"]
[Termination "HanSchut won on time"]

1. e4 c5 2. b3 Nc6 3. Bb2 e5 4.
Nf3 d6 5. h3 h6 6. d3 Be6 7.
Nbd2 Nf6 8. Be2 Be7 9. O-O O-O 10. Nc4 Rc8 11. a4 b6 12. Nh2 Qc7 13. Ng4 Nxg4 14. Bxg4 f5 15. exf5 Bxf5 16. Bxf5 Rxf5 17. Ne3 Rf7 18.
Nd5 Qd8 19. f4 exf4 20. Nxf4 Bf6 21. Bxf6 Qxf6 22. Ne2 Qxf1+ 23. Qxf1 Rxf1+ 24. Rxf1 Nb4 25. Rc1 Rf8 26. Nc3 d5 27. Nb5 Rf7 28. d4 a6 29.
Nd6 Rd7 30. dxc5 bxc5 31. Nf5 d4 32. c3 Na2 33. Rc2 Nxc3 34. g4 Ne4 35. Rc1 d3 36. Ne3 d2 37. Rf1 Rd3 38. Nd1 Rxb3 39. Kg2 c4 40.
Rf4 Nc3 41. Nf2 d1=Q 42. Nxd1 Nxd1 43. Rxc4 Ne3+ 0-1

[Event "Late-Titled-Tuesday-Blitz-April-23-2024"]
[Site "Chess.com"]
[Date "2024.04.23"]
[Round "2"]
[White "temiksmozg"]
[Black "aranibos"]
[Result "1-0"]
[WhiteElo "2715"]
[BlackElo "2264"]
[TimeControl "180+1"]
[EndTime "14:18:27 PDT"]
[Termination "temiksmozg won by resignation"]

1. e4 c6 2. Ne2 d5 3. e5 c5 4. d4 Nc6 5. dxc5 Nxe5 6. b4 Bf5 7.
Nd4 Bd7 8. Bb2 Nc4 9. Bc3 e5 10. Nf3 f6 11. Qxd5 b5 12. c6 Bf5 13. Qxb5 Nd6 14. c7+ Qd7 15. Qa5 Rc8 16. Qxa7 Rxc7 17. Qa8+ Rc8 18. Qd5 Bxc2 19. Bd2 Ne7 20. Qa5 Nc6 21.
Qa3 e4 22. Be2 exf3 23. Bxf3 Nd4 24. O-O Nxf3+ 25. Qxf3 Be4 26. Re1 Qe6 27. Qe2 f5 28. f3 Be7 29. fxe4 Nxe4 30. Nc3 O-O 31. Nxe4 fxe4 32. Qxe4 Qb6+ 33. Be3 Qc7 34. a4 Bf6 35. Rac1 Qd7 36. b5 Rfe8 37. Rxc8 Qxc8 38. Qd5+ Kh8 39. b6 Qc3 40. Qd2 Qxd2 41. Bxd2 Bd4+ 42. Kf1 Rxe1+ 43. Kxe1 Bxb6 44. a5 Ba7 45. Ke2 Kg8 46. Be3 Bb8 47.
a6 Kf7 48. a7 Bxa7 49. Bxa7 g5 50. Kf3 Kg6 51. g4 h5 52. h3 hxg4+ 53. hxg4 1-0

[Event "Late-Titled-Tuesday-Blitz-April-23-2024"]
[Site "Chess.com"]
[Date "2024.04.23"]
[Round "2"]
[White "Artem_Koval"]
[Black "realburq"]
[Result "1-0"]
[WhiteElo "2548"]
[BlackElo "2359"]
[TimeControl "180+1"]
[EndTime "14:18:27 PDT"]
[Termination "Artem_Koval won by resignation"]

1. d4 Nf6 2. Nf3 e6 3. c4 d5 4. g3 Be7 5. Bg2 O-O 6. O-O Nbd7 7. Nbd2 b6 8. cxd5 exd5 9. Ne5 Bb7 10. Ndf3 c5 11. Bf4 Rc8 12. Rc1 Re8 13. Bh3 h6 14.
Qa4 Nxe5 15. dxe5 Bc6 16. Qc2 Nd7 17. e6 fxe6 18. Bxh6 Nf8 19. Bf4 Bf6 20. Ne5 d4 21.
Nxc6 Rxc6 22. Qe4 Qd5 23. Qxd5 exd5 24. Bg2 Rd8 25. Rfd1 Ne6 26. Bd2 a5 27. b3 Kf7 28.
h4 Nc7 29. a4 Na6 30. e3 dxe3 31. Bxe3 Rcd6 32. Bf4 R6d7 33. h5 Nb4 34. g4 d4 35.
g5 Be7 36. g6+ Kg8 37. Bh3 Rd5 38. Be6+ Kf8 39. Bxd5 Nxd5 40. Bd2 Bf6 41. Re1 Nc3 42.
Re6 Rd5 43. h6 gxh6 44. Rxf6+ Kg7 45. Re6 Rf5 46. Bxc3 1-0

[Event "Late-Titled-Tuesday-Blitz-April-23-2024"]
[Site "Chess.com"]
[Date "2024.04.23"]
[Round "2"]
[White "Russian_berezka"]
[Black "rasmussvane"]
[Result "0-1"]
[WhiteElo "2629"]
[BlackElo "2956"]
[TimeControl "180+1"]
[EndTime "14:18:28 PDT"]
[Termination "rasmussvane won on time"]

1. d4 d5 2. c4 e6 3. Nc3 a6 4. cxd5 exd5 5. Nf3 Nf6 6. Bg5 Be6 7. Bxf6 Qxf6 8.
Qb3 Ra7 9. a3 Qd8 10. h4 Be7 11. e3 Nd7 12. Qc2 h6 13. Bd3 Nf6 14. Ne5 c5 15.
dxc5 Qc7 16. Qa4+ Kf8 17. Nb5 Qxe5 18. Nxa7 Bxc5 19. Nc6 bxc6 20. Qxc6 Be7 21. Qxa6 g6 22. Qa4 Qxb2 23. O-O Kg7 24. Qd4 Bxa3 25. Qxb2 Bxb2 26. Ra7 Rc8 27. f4 Rc3 28. f5 Bd7 29. fxg6 Rxd3 30. gxf7 Be6 31. f8=Q+ Kxf8 32. Rh7 Bf7 33. Rxh6 Kg7 34.
Rhxf6 Bxf6 35. h5 Bxh5 36. Rf5 Bg6 37. Rxd5 Rxd5 0-1

[Event "Late-Titled-Tuesday-Blitz-April-23-2024"]
[Site "Chess.com"]
[Date "2024.04.23"]
[Round "2"]
[White "staz_staz"]
[Black "SultaiC"]
[Result "0-1"]
[WhiteElo "2300"]
[BlackElo "2520"]
[TimeControl "180+1"]
[EndTime "14:18:28 PDT"]
[Termination "SultaiC won on time"]

1. d4 Nf6 2. Nf3 e6 3. c4 b6 4. g3 Bb7 5. Bg2 Be7 6. O-O O-O 7. d5 d6 8. Nc3 e5 9. a3 Nbd7 10. b4 a5 11. Rb1 axb4 12. axb4 h6 13. Ne1 Re8 14.
Nd3 Nf8 15. e4 Ng6 16. h3 Ba6 17. Qb3 Bc8 18. Be3 Nh7 19. c5 f5 20. exf5 Bxf5 21. Rbd1 Bg5 22. Bxg5 Nxg5 23. h4 Nh3+ 24. Kh2 Nxh4 25. Bxh3 Nf3+ 26. Kg2 Bxh3+ 27. Kxh3 Qg5 28. Kg2 Nh4+ 29. Kh2 Rf8 30. Qc4 Nf3+ 31. Kg2 Nd2 32. Qh4 Qxh4 33. gxh4 Nxf1 34. Kxf1 Ra3 35. Rc1 Rf3 36.
Ke2 Rh3 37. cxd6 cxd6 38. f3 Rxh4 39. Ne4 Rh2+ 40. Ke3 Rb2 41. Rc8+ Kh7 42. Rc6 Rbb3 43. Nf2 Rxb4 44. Rxd6 Rd4 45. Rxb6 Rxd5 46. Re6 h5 47. Ke2 h4 48. Nxe5 Ra2+ 49. Ke3 Ra1 50. Ne4 Re1+ 51. Kf4 Rd4 52. Kf5 Rdxe4 53. fxe4 h3 54. Ng4 Rf1+ 55. Kg5 Rg1 56. Rc6 h2 0-1

[Event "Late-Titled-Tuesday-Blitz-April-23-2024"]
[Site "Chess.com"]
[Date "2024.04.23"]
[Round "2"]
[White "mishanick"]
[Black "JoakimVonAnd"]
[Result "1-0"]
[WhiteElo "3158"]
[BlackElo "2687"]
[TimeControl "180+1"]
[EndTime "14:18:29 PDT"]
[Termination "mishanick won on time"]

1. d4 d5 2. c4 e6 3. Nc3 c5 4. cxd5 exd5 5. Nf3 Nf6 6. Bg5 Be6 7. Bxf6 Qxf6 8. e3 c4 9. a3 Be7 10. g3 O-O 11. Bg2 Rd8 12. O-O Nc6 13. Nd2 Bf8 14.
b3 Rac8 15. bxc4 dxc4 16. Qb1 Na5 17. Nde4 Qg6 18. Qb5 b6 19. Ra2 Nb3 20. h4 h6 21.
Qe5 f5 22. Nd2 Bd6 23. Qb5 f4 24.
gxf4 a6 25. Qxa6 Bxf4 26. exf4 Rxd4 27. Nde4 Rf8 28. Qxb6 Rxf4 29. Qb8+ Rf8 30. Qg3 Qf7 31. a4 Bf5 32. Nd6 Qf6 33. Nxf5 Qxf5 34. Ne2 Rd3 35. Qc7 Nd2 36. Rxd2 Rxd2 37. Qxc4+ Kh8 38. Ng3 Qf7 39.
Qc5 Ra2 40. Bd5 1-0

[Event "Late-Titled-Tuesday-Blitz-April-23-2024"]
[Site "Chess.com"]
[Date "2024.04.23"]
[Round "2"]
[White "ChessGiantYouTube"]
[Black "rynos0411"]
[Result "1/2-1/2"]
[WhiteElo "2346"]
[BlackElo "2526"]
[TimeControl "180+1"]
[EndTime "14:18:29 PDT"]
[Termination "Game drawn by repetition"]

1. g3 d5 2. Bg2 c6 3. d3 Nf6 4. e3 Bf5 5. h3 e6 6. Ne2 h6 7.
b3 Be7 8. Bb2 O-O 9. Nd2 Nbd7 10.
O-O Bh7 11. g4 a5 12. a4 b5 13. Ng3 bxa4 14. Rxa4 Nc5 15. Ra2 Qc7 16. h4 Nfd7 17. g5 hxg5 18. hxg5 Bxg5 19. Qg4 Bf6 20. Ba3 Rfe8 21.
Nh5 Na6 22. f4 Nb4 23. Bxb4 axb4 24. Rxa8 Rxa8 25. Rf3 Bf5 26. Qg3 Ra1+ 27. Kh2 g6 28.
e4 dxe4 29. dxe4 Rd1 30. exf5 Rxd2 31. fxg6 Kf8 32. Nxf6 Nxf6 33. Qg5 Ke7 34. g7 Rd8 35. Rg3 Rg8 36. f5 e5 37. Qe3 Qd6 38. Qa7+ Nd7 39. Qf2 Qh6+ 40. Rh3 Qxg7 41. Bxc6 Rd8 42. Bxd7 Rxd7 43.
Qc5+ Rd6 44. Qc7+ Rd7 45. Qc5+ Ke8 46. Qc8+ Ke7 47. Qc5+ 1/2-1/2

[Event "Late-Titled-Tuesday-Blitz-April-23-2024"]
[Site "Chess.com"]
[Date "2024.04.23"]
[Round "2"]
[White "Boorchess"]
[Black "chessmoo"]
[Result "1-0"]
[WhiteElo "2542"]
[BlackElo "2348"]
[TimeControl "180+1"]
[EndTime "14:18:30 PDT"]
[Termination "Boorchess won by resignation"]

1. d4 d5 2. c4 c6 3. cxd5 cxd5 4. Nc3 Nf6 5. f3 Qb6 6. e3 Nc6 7. Bb5 Bd7 8. Nge2 a6 9. Ba4 e6 10. O-O Bd6 11. Kh1 O-O 12. e4 e5 13. dxe5 Bxe5 14. exd5 Ne7 15. Bxd7 Nxd7 16. f4 Bxc3 17. Nxc3 Nf6 18.
Qf3 Rad8 19. Rd1 Rfe8 20. Be3 Qa5 21. Bd4 Nexd5 22. Nxd5 Qxd5 23. Bxf6 Qxf3 24. gxf3 gxf6 25. Kg2 Re2+ 26. Kg3 Rdd2 27. Rxd2 Rxd2 28. b3 Kg7 29. h4 Kg6 30. a4 Kf5 31. Rc1 b6 32. Rc6 Rd1 33.
Rxb6 Rg1+ 34. Kf2 Rb1 35. b4 Rb2+ 36. Kg3 Rb3 37. b5 a5 38. Ra6 Rb4 39. Rxa5 h5 40. b6+ Kg6 41. Rb5 1-0

[Event "Late-Titled-Tuesday-Blitz-April-23-2024"]
[Site "Chess.com"]
[Date "2024.04.23"]
[Round "2"]
[White "kylelancman"]
[Black "ritanovikova"]
[Result "1-0"]
[WhiteElo "2480"]
[BlackElo "2179"]
[TimeControl "180+1"]
[EndTime "14:18:31 PDT"]
[Termination "kylelancman won on time"]

1. e4 d5 2. exd5 Nf6 3. Bb5+ Bd7 4. Bc4 Bg4 5. f3 Bf5 6. Nc3 Nbd7 7. d4 Nb6 8. Bb5+ Bd7 9. Bd3 Nbxd5 10. Nxd5 Nxd5 11.
Bd2 e6 12. Ne2 Bd6 13. c4 Nb4 14. Be4 Bc6 15. O-O Bxe4 16. fxe4 Nc6 17. Bc3 Qh4 18. e5 Be7 19. d5 O-O-O 20. Rf4 Qh5 21. Ng3 Qxd1+ 22.
Rxd1 exd5 23. cxd5 Bc5+ 24. Kf1 f6 25. exf6 Rhf8 26.
Rd2 Be3 27. Rf3 Bxd2 28. Bxd2 Nd4 29. fxg7 Nxf3 30. gxf3 Rg8 31. Nf5 Kd7 32. Bc3 c6 33.
dxc6+ bxc6 34. Nh6 Ke6 35. f4 Kd5 36. f5 Ke4 37. f6 Rd1+ 38. Ke2 Rd7 39. Nxg8 1-0

[Event "Late-Titled-Tuesday-Blitz-April-23-2024"]
[Site "Chess.com"]
[Date "2024.04.23"]
[Round "2"]
[White "GMBenjaminBok"]
[Black "LikeWater"]
[Result "1-0"]
[WhiteElo "3043"]
[BlackElo "2657"]
[TimeControl "180+1"]
[EndTime "14:18:32 PDT"]
[Termination "GMBenjaminBok won by resignation"]

1. d4 Nf6 2. c4 g6 3. g3 Bg7 4. Bg2 O-O 5. Nc3 c5 6. dxc5 Na6 7. Nf3 Nxc5 8. O-O b6 9. Nd4 Bb7 10. Bxb7 Nxb7 11. e4 d6 12. Be3 Qd7 13. f3 Rfc8 14. b3 h5 15. Rc1 Nc5 16. Qe2 Qh3 17. Rfd1 Ncd7 18. Qg2 Qxg2+ 19. Kxg2 Kf8 20. h3 a6 21. g4 e6 22. Nde2 Ke7 23. Rd2 b5 24. cxb5 axb5 25. Nxb5 Rxc1 26. Nxc1 d5 27. g5 Ne8 28. exd5 Rc8 29. Ne2 exd5 30. Nf4 Rc1 31. Nxd5+ Kf8 32. Nf4 Ne5 33. Re2 Rd1 34. Bc5+ Kg8 35.
Bd4 Nd6 36. Nxd6 Rxd4 37. Ne4 Rd1 38. a4 Rb1 39. Nd5 Rxb3 40. Nef6+ Bxf6 41. Nxf6+ Kg7 42. Rxe5 h4 43. Re4 Rb2+ 44. Kf1 Rb3 45. Rf4 Ra3 46. Ke2 Ra2+ 47. Kd1 1-0

[Event "Late-Titled-Tuesday-Blitz-April-23-2024"]
[Site "Chess.com"]
[Date "2024.04.23"]
[Round "2"]
[White "chucksterf10"]
[Black "topotun"]
[Result "0-1"]
[WhiteElo "2600"]
[BlackElo "2848"]
[TimeControl "180+1"]
[EndTime "14:18:32 PDT"]
[Termination "topotun won by resignation"]

1. Nf3 c5 2. b3 Nc6 3. Bb2 d6 4.
d4 cxd4 5. Nxd4 Bd7 6. Nf3 Nf6 7. g3 g6 8. Bg2 Bg7 9. O-O O-O 10. c4 a6 11. Re1 b5 12. cxb5 axb5 13. e4 Qb6 14. Qe2 Rfc8 15. e5 Ng4 16. exd6 Nxf2 17. Bxg7 Ng4+ 18. Kh1 Kxg7 19. h3 Nf6 20. dxe7 Re8 21.
Nc3 Nxe7 22. Qb2 Kg8 23. Ne5 Rad8 24. Rad1 Be6 25. Rxd8 Rxd8 26. Rf1 Nh5 27. Ne4 Nf5 28. Kh2 Ne3 29. Qf2 Nxf1+ 30. Qxf1 Qc7 31. Ng4 f5 32. Ngf6+ Nxf6 33. Nxf6+ Kh8 34. Qa1 Qg7 35. g4 fxg4 36. hxg4 Bxg4 37. Qe5 Bf5 38. Qc3 b4 39. Qe5 Rf8 40. Ng4 Bxg4 0-1

[Event "Late-Titled-Tuesday-Blitz-April-23-2024"]
[Site "Chess.com"]
[Date "2024.04.23"]
[Round "2"]
[White "wannabe2700"]
[Black "baki83"]
[Result "0-1"]
[WhiteElo "2604"]
[BlackElo "2900"]
[TimeControl "180+1"]
[EndTime "14:18:33 PDT"]
[Termination "baki83 won on time"]

1. b3 d5 2. Bb2 c5 3. e3 Nf6 4. Bb5+ Bd7 5. Bxd7+ Qxd7 6. f4 Nc6 7. Nf3 g6 8. O-O Bg7 9. Ne5 Qc7 10. Nxc6 Qxc6 11. d3 O-O 12. Nd2 d4 13. e4 b5 14. a4 a6 15. Qf3 Rfd8 16. g4 Nd7 17. e5 Qxf3 18.
Nxf3 Nb6 19. f5 bxa4 20. bxa4 Nd5 21. h3 Ne3 22. Rf2 gxf5 23. gxf5 Nxf5 24. Ng5 e6 25. Ba3 Rac8 26. Rb1 Bxe5 27. Rb7 Rb8 28. Rxb8 Rxb8 29. Rg2 Bg3 30. Re2 Ne3 31. Rxe3 dxe3 32. Kf1 Rb1+ 33.
Ke2 Re1+ 34. Kf3 Rf1+ 35. Kxe3 Bf4+ 36. Ke2 Ra1 37. Bb2 Ra2 38. Bf6 Bxg5 39. Bxg5 Rxc2+ 40. Ke3 Ra2 41. Be7 Rxa4 42. Bxc5 Ra2 43. h4 a5 44. Be7 a4 45. Kd4 Rc2 46. Bf6 a3 0-1

[Event "Late-Titled-Tuesday-Blitz-April-23-2024"]
[Site "Chess.com"]
[Date "2024.04.23"]
[Round "2"]
[White "katharinareinecke"]
[Black "DominguezOnYoutube"]
[Result "0-1"]
[WhiteElo "2055"]
[BlackElo "2957"]
[TimeControl "180+1"]
[EndTime "14:18:34 PDT"]
[Termination "DominguezOnYoutube won on time"]

1. e4 c5 2. Nf3 d6 3. Bb5+ Nd7 4. O-O a6 5. Bd3 Ngf6 6. c3 b5 7. Bc2 Bb7 8. Re1 c4 9. b3 e6 10. d3 cxd3 11. Qxd3 Be7 12. Bb2 O-O 13. Qe2 Rc8 14. Nbd2 Qc7 15. Rac1 Rfe8 16. c4 b4 17. Nf1 e5 18. h3 Qb8 19. N3h2 Bd8 20. Kh1 Bb6 21. f3 Nc5 22. Ne3 Ne6 23. Nd5 Bxd5 24. exd5 Nh5 25. Nf1 Nd4 26. Bxd4 Bxd4 27. Rcd1 g6 28. Kh2 Qb6 29. Ne3 Qd8 30. Qf2 f5 31. g4 fxg4 32. hxg4 Nf4 33. Rxd4 exd4 34. Ng2 Qf6 35. Kg3 Nxg2 36.
Kxg2 Re5 37. Rf1 Rce8 38. Qg3 Re2+ 39. Rf2 Rxf2+ 40. Qxf2 Re3 41. Be4 Qf4 42. Kg1 Rc3 43.
Kg2 d3 0-1